 Dungeon Crawl Stone Soup version 0.28-a0-1159-g27aa881441 (webtiles) character file.

Game seed: 13735052052958038553

1206 SensoryNuts the Covered (level 8, -24/60 HPs)
             Began as a Demonspawn Fighter on Dec 15, 2021.
             Annihilated by a large abomination (25 damage)
             ... on level 1 of the Abyss.
             The game lasted 00:06:52 (5723 turns).

SensoryNuts the Covered (Demonspawn Fighter)        Turns: 5723, Time: 00:06:53

Health: -24/60     AC:  7    Str: 16 (18) XL:     8   Next: 21%
Magic:  8/8        EV: 10    Int:  6 (9)  God:
Gold:   221        SH:  5    Dex: 12 (14) Spells: 7/7 levels left

rFire   . . .      SeeInvis .   a - +0 long sword
rCold   . . .      Faith    .   c - +0 buckler
rNeg    . . .      Spirit   .   b - +0 scale mail
rPois   .          Reflect  .   (helmet restricted)
rElec   .          Harm     .   (no cloak)
rCorr   .          Rampage  .   (no gloves)
Will    .....                   (no boots)
Stlth   ..........              (no amulet)
HPRegen 0.20/turn               (no ring)
MPRegen 0.11/turn               (no ring)

@: brilliant
A: hooves 1, horns 1, demonic guardian 1
a: no special abilities


You were on level 1 of the Abyss.
You visited 1 branch of the dungeon, and saw 5 of its levels.
You visited the Abyss 1 time.

You collected 221 gold pieces.

Inventory:

Hand Weapons
 a - a +0 long sword (weapon)
Armour
 b - a +0 scale mail (worn)
 c - a +0 buckler (worn)
Jewellery
 d - a ring of fire
 e - an amulet of reflection
 h - a +4 ring of protection
Wands
 g - a wand of charming (7)
 k - a wand of iceblast (8)
Scrolls
 j - 2 scrolls of teleportation
Potions
 l - a potion of brilliance


   Skills:
 + Level 4.2 Fighting
 + Level 5.2 Long Blades
 + Level 5.5 Armour
 + Level 3.2 Dodging
 + Level 1.4 Stealth
 + Level 3.9 Shields


You had 7 spell levels left.
You didn't know any spells.
Your spell library contained the following spells:

 Spells                   Type           Power      Damage    Failure   Level
 Animate Skeleton         Necr           0%         N/A       86%         1
 Pain                     Necr           0%         1d4       86%         1
 Shock                    Conj/Air       0%         1d3       86%         1
 Gell's Gravitas          Tloc           0%         N/A       99%         3
 Ignite Poison            Fire/Tmut/Pois 0%         N/A       99%         3
 Lesser Beckoning         Tloc           0%         N/A       99%         3
 Mephitic Cloud           Conj/Pois/Air  0%         N/A       99%         3
 Swiftness                Air            0%         N/A       99%         3
 Teleport Other           Tloc           0%         N/A       99%         3
 Vampiric Draining        Necr           0%         2d6       99%         3
 Airstrike                Air            0%         N/A       100%        4
 Freezing Cloud           Conj/Ice/Air   0%         6-21      100%        5


Dungeon Overview and Level Annotations

Branches:
Dungeon (5/15)
 Temple: D:4-7

Altars:
Cheibriados

Shops:
D:2 *


Innate Abilities, Weirdness & Mutations

You have large cloven feet.
You have a pair of small horns on your head.
A weak demonic guardian rushes to your aid.


Message History

Found a club and 25 arrows.
HP restored.
A white imp comes into view.
A white imp is nearby!
A white imp is nearby!
A large abomination comes into view.
Found a quarterstaff.
The white imp closely misses you.
You closely miss the white imp. You kick the white imp.
You headbutt the white imp.
The white imp is moderately wounded.
The white imp hits you but does no damage.
You hit the white imp.
The white imp is almost dead.
You block the white imp's attack. The white imp closely misses you.
You completely miss the white imp. Your kick misses the white imp.
The white imp is severely wounded.
The white imp gestures at you. The puff of frost hits you.
You hit the white imp but do no damage. Your headbutt misses the white imp.
The white imp is severely wounded.
The white imp gestures at you. The puff of frost hits you!
You hit the white imp but do no damage.
The white imp is severely wounded.
The white imp gestures at you. The puff of frost hits you!
You barely miss the white imp. Your kick misses the white imp.
The white imp is severely wounded.
The white imp hits you but does no damage.
You slash the white imp!
You kill the white imp!
The large abomination hits you!!
Ouch! That really hurt!
* * * LOW HITPOINT WARNING * * *
A demonic guardian appears!
You are too injured to fight recklessly!
Unknown command.
You feel clever all of a sudden. The large abomination hits you!!
You die...

. ...# ..#. #### .
.. . .... . . . .
#. .###...##. #
... .. #...
....... . #.. #...
.....##. #
..###...#...# .##
...#.........)# .
#.....##.....## .
. #@.......# #
#....X5.........
#....###.#..###...
#.... #...## ###
..... ##.#. .....
..... ...# .....
.)# #...


You could see a large abomination (ally target) and a friendly ufetubus
(summoned).

Vanquished Creatures
  Sigmund (D:4)
  Menkaure (D:4)
  A black bear (D:5)
  An ogre (D:4)
  2 phantoms
  A bullfrog (D:4)
  A scorpion (D:5)
  Ijyb (D:3)
  An iguana (D:4)
  Natasha (thrice) (D:4)
  A scorpion zombie (D:5)
  A hound zombie (D:5)
  4 gnolls
  4 adders
  2 white imps
  An ufetubus (D:4)
  2 adder skeletons (D:4)
  7 dart slugs
  9 orcs
  6 bats
  12 endoplasms
  4 giant cockroaches
  9 goblins
  3 hobgoblins (D:1)
  11 jackals
  3 quokkas
  3 ball pythons (D:1)
  3 frilled lizards (D:1)
  13 kobolds
  17 rats
128 creatures vanquished.

Vanquished Creatures (collateral kills)
  An ogre (D:4)
  A dart slug (D:4)
  An orc (D:4)
3 creatures vanquished.

Vanquished Creatures (others)
  4 demonic plants (Abyss:1)
4 creatures vanquished.

Grand Total: 135 creatures vanquished

Notes
Turn   | Place    | Note
-------+----------+-------------------------------------------
     0 | D:1      | SensoryNuts the Demonspawn Fighter began the quest for the
                  | Orb.
     0 | D:1      | Reached XP level 1. HP: 18/18 MP: 1/1
   201 | D:1      | Discovered your monstrous ancestry.
   201 | D:1      | Gained mutation: You have large cloven feet. [demonic
                  | ancestry]
   201 | D:1      | Reached XP level 2. HP: 19/24 MP: 2/2
   434 | D:1      | Reached XP level 3. HP: 28/29 MP: 3/3
  1164 | D:2      | Found Mizan's General Store.
  1238 | D:2      | Reached XP level 4. HP: 33/35 MP: 4/4
  1814 | D:3      | Found a snail-covered altar of Cheibriados.
  1888 | D:3      | Found a faded altar of an unknown god.
  2066 | D:3      | Noticed Ijyb
  2084 | D:3      | Killed Ijyb
  2438 | D:3      | Reached XP level 5. HP: 36/41 MP: 5/5
  3262 | D:4      | Noticed an ogre
  3262 | D:4      | Noticed an ogre
  3298 | D:4      | Noticed Menkaure
  3373 | D:4      | Killed Menkaure
  3374 | D:4      | Reached skill level 1 in Dodging
  3374 | D:4      | Gained mutation: A weak demonic guardian rushes to your
                  | aid. [demonic ancestry]
  3374 | D:4      | Reached XP level 6. HP: 26/47 MP: 6/6
  3527 | D:4      | Noticed Sigmund
  3554 | D:4      | Killed Sigmund
  3894 | D:4      | Gained mutation: You have a pair of small horns on your
                  | head. [demonic ancestry]
  3894 | D:4      | Reached XP level 7. HP: 29/53 MP: 7/7
  4663 | D:4      | Reached skill level 5 in Long Blades
  4864 | D:4      | Noticed Natasha
  4868 | D:4      | Killed Natasha
  4878 | D:4      | Noticed Natasha
  4884 | D:4      | Killed Natasha
  4885 | D:4      | Reached skill level 5 in Armour
  4904 | D:4      | Noticed Natasha
  4909 | D:4      | Killed Natasha
  4910 | D:4      | Reached skill level 1 in Stealth
  5020 | D:4      | Reached XP level 8. HP: 21/60 MP: 8/8
  5257 | D:5      | Entered Level 5 of the Dungeon
  5682 | D:5      | Cast into level 1 of the Abyss (gnoll sergeant)
  5715 | Abyss:1  | Noticed a large abomination
  5722 | Abyss:1  | HP: 1/60 [large abomination (34)]
  5723 | Abyss:1  | Annihilated by a large abomination

Illustrated notes

Levels and vault maps discovered:
D:1:      dpeg_arrival_lava_temple_mockup, layout_basic,
          chequers_serial_rivers_marsh, minmay_rat_gold_closets
D:2:      layout_rooms, serial_shops, shop, st_stairs_10
D:3:      layout_rooms, cheibriados_altar_1, hellmonk_ecumenical_altar_zigzags,
          st_stairs_10, uniq_ijyb
D:4:      layout_cave_pools, uniq_natasha, uniq_menkaure, uniq_sigmund
D:5:      layout_basic, minmay_temple_entry_enclosed_plants, chequers_arboretum,
          minmay_misc_feat_enclosed, kennysheep_generic_room_12
Abyss:1:  base: D:4, evilmike_abyss_exit_plants

Skill      XL: |  1  2  3  4  5  6  7 |
---------------+----------------------+-----
Long Blades    | 2 3 4 5 |  5.2
Armour         | 3 4 5 |  5.5
Shields        | 3 |  3.9
Dodging        | 1 3 |  3.2
Fighting       | 4 |  4.2
Stealth        | 1 |  1.4

Action                   |  1- 3 |  4- 6 |  7- 9 || total
-------------------------+-------+-------+-------++-------
Melee: Long sword        |   124 |   122 |   129 ||   375
       Kick              |    13 |    25 |    30 ||    68
       Headbutt          |       |       |    23 ||    23
  Use: Scroll            |     2 |     3 |     3 ||     8
       Potion            |       |     5 |     5 ||    10
Armor: Scale mail        |    48 |    52 |    65 ||   165
Dodge: Dodged            |    61 |    78 |    88 ||   227
Block: Buckler           |    23 |    46 |    33 ||   102

Table legend: (Time is in decaauts)
 A = Elapsed time spent in this place.
 B = Non-inter-level travel time spent in this place.
 C = Inter-level travel time spent in this place.
 D = Time resting spent in this place.
 E = Time spent auto-exploring this place.
 F = Levels seen in this place.
 G = Mean time per level.
                   A        B        C        D        E       F      G
               +--------+--------+--------+--------+--------+-----+--------+
         Total |   5805 |   5670 |    135 |    486 |   4093 |   6 |  967.5 |
       Dungeon |   5763 |   5628 |    135 |    486 |   4071 |   5 | 1152.6 |
         Abyss |     41 |     41 |      0 |      0 |     22 |   1 |   41.0 |
               +--------+--------+--------+--------+--------+-----+--------+

Top non-repeatable levels by time:
     D:3: 2012 daAuts
     D:4: 1477 daAuts
     D:1: 1196 daAuts
     D:2: 666 daAuts
     D:5: 411 daAuts
 Abyss:1: 41 daAuts
